 Dungeon Crawl Stone Soup version 0.27-a0-732-ga892ba84f6 (webtiles) character file.

Game seed: 14528722411648328883

11 leviel the Magician (level 2, 0/31 HPs)
             Began as a Djinni Venom Mage on Mar 24, 2021.
             Slain by a quokka (1 damage)
             ... on level 1 of the Dungeon.
             The game lasted 00:01:23 (622 turns).

leviel the Magician (Djinni Venom Mage)              Turns: 622, Time: 00:01:24

Health: 0/31       AC: 21    Str:  7    XL:     2   Next: 25%
Magic:  0/0        EV:  2    Int: 16    God:
Gold:   3          SH:  0    Dex: 13    Spells: 0/7 levels left

rFire    . . .     SeeInvis .   d - +0 short sword
rCold    . . .     Faith    .   (no shield)
rNeg     + + +     Spirit   .   (armour currently unavailable)
rPois    ∞         Reflect  .   (helmet currently unavailable)
rElec    .         Harm     .   (cloak currently unavailable)
rCorr    .         Rampage  .   (gloves currently unavailable)
Will     .....     NoTele   +   (boots unavailable)
Stlth    ++........             (no amulet)
HPRegen  0.10/turn              (no ring)
MPRegen  0.00/turn              (no ring)

@: tree-form
A: stationary, stasis, torment immunity, boosted hp, (fire resistance 2), (cold
vulnerability 1), float, innate caster, hp casting, extra vitality 1
a: no special abilities


You were on level 1 of the Dungeon.
You were a tree.
You visited 1 branch of the dungeon, and saw 1 of its levels.

You collected 3 gold pieces.

Inventory:

Hand Weapons
 d - a +0 short sword (weapon)
Armour
 a - a +0 robe (melded)
Scrolls
 b - a scroll of vulnerability {unknown}
Potions
 e - a potion of brilliance {unknown}


   Skills:
 + Level 2.5 Dodging
 + Level 1.5 Stealth
 * Level 3.0 Spellcasting


You couldn't memorise any spells.
You knew the following spells:

 Your Spells              Type           Power      Damage    Failure   Level
a - Sting                 Tmut/Pois      48%        1d5       5%          1
b - Poisonous Vapours     Pois/Air       24%        N/A       8%          2
c - Mephitic Cloud        Conj/Pois/Air  12%        N/A       16%         3
d - Ignite Poison         Fire/Tmut/Pois 12%        N/A       16%         3
e - Olgreb's Toxic Radia  Pois           12%        N/A       45%         4
Your spell library was empty.

Dungeon Overview and Level Annotations

Branches:
Dungeon (1/15)

Altars:


Innate Abilities, Weirdness & Mutations

You are a tree.
Your roots penetrate the ground, keeping you stationary.
You cannot be teleported.
You are immune to unholy pain and torment.
Your maximum health is greatly increased.
Your equipment is partially melded.
You are immune to poison.
((Your flesh is very heat resistant. (rF++)))
((You are vulnerable to cold. (rC-)))
You float through the air rather than walking.
You learn spells naturally, not from books.
Your magical power is your life essence.
You have superior vitality. (+4 HP)


Message History

You closely miss the hobgoblin.
The hobgoblin is severely wounded.
The hobgoblin hits you.
* * * LOW HITPOINT WARNING * * *
The quokka twitches its whiskers.
It was a potion of lignification.
You turn into a tree.
Your +0 robe melds into your body.
Your roots penetrate the ground.
The hobgoblin hits you but does no damage.
You closely miss the hobgoblin.
The hobgoblin is severely wounded.
The hobgoblin hits you but does no damage.
The quokka bites you but does no damage.
You barely miss the hobgoblin.
The hobgoblin is severely wounded.
The hobgoblin hits you but does no damage.
The quokka bites you but does no damage.
The hobgoblin barely misses you.
You hit the hobgoblin but do no damage.
The hobgoblin is severely wounded.
The quokka barely misses you. The hobgoblin hits you.
* * * LOW HITPOINT WARNING * * *
You hit the hobgoblin but do no damage.
The hobgoblin is severely wounded.
The quokka bites you.
* * * LOW HITPOINT WARNING * * *
The hobgoblin hits you but does no damage.
The quokka bites you but does no damage.
You hit the hobgoblin but do no damage.
The hobgoblin is severely wounded.
The quokka bites you but does no damage.
The hobgoblin hits you but does no damage.
You closely miss the hobgoblin.
The hobgoblin is severely wounded.
The quokka barely misses you. The hobgoblin barely misses you.
You hit the hobgoblin.
You kill the hobgoblin!
The quokka bites you but does no damage. x2
You cannot move.
You miss the quokka. The quokka bites you.
You die...

##.### ..# # #.# ..# #
#.###.# # #.#... ### #.# ###
#.#.# #.. #.# ..# ##...#
..#####.#### ..######..###
.##........# ..#......##
###.##........# .≈#.)###.#
##r♣.##.†......# .≈##..##.#
##.[####..†.....#
.≈##.....####..#####$.......#
.≈#.............r...........#
..#####.####..######....!...#
..#...#..##..## #...(....#
..# #.....#.## #........#
######......# #........#
..##...##...# ##########


You could see a quokka.

Vanquished Creatures
  A goblin (D:1)
  4 hobgoblins (D:1)
  An ooze (D:1)
  2 ball pythons (D:1)
  2 bats (D:1)
10 creatures vanquished.

Notes
Turn   | Place    | Note
-------+----------+-------------------------------------------
     0 | D:1      | leviel the Djinni Venom Mage began the quest for the Orb.
     0 | D:1      | Reached XP level 1. HP: 15/15 MP: 0/0
   583 | D:1      | Reached skill level 3 in Spellcasting
   583 | D:1      | Reached XP level 2. HP: 19/21 MP: 0/0
   618 | D:1      | HP: 1/31 [quokka (3)]
   622 | D:1      | Slain by a quokka

Illustrated notes

Levels and vault maps discovered:
D:1:      scummos_arrival_gate, layout_rooms, minmay_misc_feat_room

Skill      XL: |  1 |
---------------+----+-----
Spellcasting   | 3 |  3.0
Dodging        | |  2.5
Stealth        | |  1.5

Action                   || total
-------------------------++-------
Melee: Short sword       ||    34
 Cast: Sting             ||     8
  Use: Potion            ||     1
Armor: Robe              ||    11
       Skin              ||    11
Dodge: Dodged            ||    32

Table legend: (Time is in decaauts)
 A = Elapsed time spent in this place.
 B = Non-inter-level travel time spent in this place.
 C = Inter-level travel time spent in this place.
 D = Time resting spent in this place.
 E = Time spent auto-exploring this place.
 F = Levels seen in this place.
 G = Mean time per level.
                   A        B        C        D        E       F      G
               +--------+--------+--------+--------+--------+-----+--------+
         Total |    624 |    603 |     21 |    339 |    167 |   1 |  624.0 |
       Dungeon |    624 |    603 |     21 |    339 |    167 |   1 |  624.0 |
               +--------+--------+--------+--------+--------+-----+--------+

Top non-repeatable levels by time:
     D:1: 624 daAuts
